 Dungeon Crawl Stone Soup version 0.23.2 (webtiles) character file.

Game seed: 1183406918038130815

47674 HuneSparrow the Fencer (level 14, -5/128 (129) HPs)
             Began as a Minotaur Fighter on Apr 8, 2019.
             Was the Champion of Makhleb.
             Slain by an orc knight
             ... wielding a +0 battleaxe of electrocution
              (15 damage)
             ... on level 1 of the Orcish Mines on Apr 9, 2019.
             The game lasted 01:43:00 (19896 turns).

HuneSparrow the Fencer (Minotaur Fighter)          Turns: 19896, Time: 01:43:00

HP:   -5/128 (129)  AC: 20    Str: 26    XL:     14   Next: 9%
MP:   13/13         EV: 10    Int:  7    God:    Makhleb [******]
Gold: 1317          SH: 14    Dex: 10    Spells: 13/13 levels left

rFire    . . .     SeeInvis .   M - +2 long sword of Integrity {flame, +Inv rElec MR+}
rCold    + + .     Gourm    .   N - +0 shield
rNeg     . . .     Faith    .   E - +0 plate armour
rPois    .         Spirit   .   (helmet restricted)
rElec    +         Reflect  .   T - +0 cloak
rCorr    .         Harm     .   r - +0 pair of gloves
MR       ++++.                  h - +0 pair of boots
Stlth    ..........             Z - amulet of regeneration
HPRegen  0.71/turn              V - ring "Qochem" {+Fly rElec rC++ MR+ Int+2}
MPRegen  0.13/turn              a - ring of protection from magic

@: no status effects
A: retaliatory headbutt, horns 2
a: Minor Destruction, Lesser Servant of Makhleb, Major Destruction, Greater
Servant of Makhleb, Renounce Religion, Evoke Invisibility, Evoke Flight


You were on level 1 of the Orcish Mines.
You worshipped Makhleb.
Makhleb was exalted by your worship.
You were not hungry.

You visited 4 branches of the dungeon, and saw 19 of its levels.
You also visited: Sewer.

You collected 1317 gold pieces.

Inventory:

Hand Weapons
 M - the +2 long sword of Integrity (weapon) {flame, +Inv rElec MR+}
   (You found it on level 10 of the Dungeon)

   It has been specially enchanted to burn those struck by it, causing extra
   injury to most foes and up to half again as much damage against particularly
   susceptible opponents.
   Big, fiery blades are also staple armaments of hydra-hunters.
   It insulates you from electricity.
   It affects your resistance to hostile enchantments.
   It lets you turn invisible.
Armour
 h - a +0 pair of boots (worn)
 r - a +0 pair of gloves (worn)
 x - a +2 ring mail of magic resistance
 E - a +0 plate armour (worn)
 N - a +0 shield (worn)
 T - a +0 cloak (worn)
Jewellery
 a - a ring of protection from magic (right hand)
 n - a +2 ring of strength
 q - an uncursed ring of positive energy
 A - an uncursed ring of see invisible
 K - an uncursed ring of magical power
 O - an uncursed ring of resist corrosion
 V - the ring "Qochem" (left hand) {+Fly rElec rC++ MR+ Int+2}
   (You found it on level 4 of the Lair of Beasts)

   [ring of protection from magic]

   It affects your intelligence (+2).
   It greatly protects you from cold.
   It insulates you from electricity.
   It affects your resistance to hostile enchantments.
   It lets you fly.
 Z - an amulet of regeneration (around neck)
Wands
 c - a wand of enslavement (13)
 o - a wand of flame (35)
 w - a wand of random effects (26)
 z - a wand of digging (2)
 J - a wand of paralysis (29)
 R - a wand of polymorph (15)
 S - a wand of iceblast (4)
 Y - a wand of acid (6)
Scrolls
 g - 7 scrolls of remove curse
 i - a scroll of torment {unknown}
 j - 6 scrolls of teleportation
 k - 3 scrolls of immolation
 y - 4 scrolls of noise {unknown}
 B - 6 scrolls of fog {unknown}
 C - a scroll of silence {unknown}
 D - 2 scrolls of enchant weapon {unknown}
 G - a scroll of brand weapon {unknown}
 H - 2 scrolls of enchant armour {unknown}
 L - 3 scrolls of amnesia {unknown}
 Q - a scroll of fear {unknown}
 W - a scroll of blinking {unknown}
Potions
 b - 3 potions of ambrosia
 d - a potion of might
 e - 2 potions of invisibility
 l - 2 potions of mutation
 m - 6 potions of lignification
 p - 3 potions of cancellation
 s - 4 potions of haste
 t - 2 potions of flight
 u - 5 potions of curing
 v - a potion of brilliance
 F - a potion of agility
 P - a potion of degeneration {unknown}
 U - a potion of heal wounds {unknown}
Miscellaneous
 I - a phantom mirror
Comestibles
 f - 29 rations
 X - a chunk of flesh


   Skills:
 + Level 13.0 Fighting
 + Level 15.9 Long Blades
 + Level 13.4 Armour
 + Level 5.0 Dodging
 + Level 15.1 Shields
 - Level 0.4 Evocations


You had 13 spell levels left.
You didn't know any spells.
Your spell library contained the following spells:

 Spells                   Type           Power        Failure   Level  Hunger
 Shock                    Conj/Air       #...         98%         1    ##.....
 Swiftness                Chrm/Air       #.......     99%         2    ###....
 Static Discharge         Conj/Air       #.......     100%        3    ####...
 Airstrike                Air            #.........   100%        4    #####..
 Bolt of Magma            Conj/Fire/Erth #.........   100%        5    ######.
 Iskenderun's Battlesphe  Conj/Chrm      #.......     100%        5    ######.
 Lightning Bolt           Conj/Air       #.........   100%        5    ######.
 Venom Bolt               Conj/Pois      #.........   100%        5    ######.
 Iron Shot                Conj/Erth      #.........   100%        6    #######
 Orb of Destruction       Conj           #.........   100%        7    #######
 Spellforged Servitor     Conj/Summ      #.........   100%        7    #######


Dungeon Overview and Level Annotations

Branches:
Dungeon (10/15)            Temple (1/1) D:6            Lair (6/6) D:8
 Shoals (0/4) Lair:2        Snake (0/4) Lair:3        Slime (0/5) Lair:5
    Orc (2/2) D:9
    Elf: Orc:2

Altars:
Ashenzari
Cheibriados
Dithmenos
Fedhas
Gozag
Hepliaklqana
Makhleb
Nemelex Xobeh
Okawaru
Qazlal
Ru
Sif Muna
Vehumet
Wu Jian
Xom
Yredelemnul
Zin
The Shining One
Jiyva

Shops:
D:5 [   Orc:2 *

Annotations:
Lair:4 2 transporters, brittlin's ghost, journeyman TrWr
Lair:5 1 runed translucent door
Lair:6 2 runed translucent doors
Orc:1 2 runed translucent doors, exclusion: orange crystal statue


Innate Abilities, Weirdness & Mutations

You reflexively headbutt those who attack you in melee.
You have a pair of horns on your head.


Message History

You closely miss the orc warrior.
The orc warrior is severely wounded.
The orc warlord hits you with a +1 long sword of flaming!!
The orc warlord burns you!
You closely miss the orc warrior.
The orc warrior is severely wounded.
You block the orc warrior's attack.
The orc knight hits you with a +0 battleaxe of electrocution!!!
The orc warlord hits you with a +1 long sword of flaming!!
* * * LOW HITPOINT WARNING * * *
The orc warlord burns you!
* * * LOW HITPOINT WARNING * * *
The orc warrior hits you but does no damage.
There is a staircase back to the Dungeon, spattered with blood here.
Okay, then.
The orc knight no longer looks unusually strong.
The orc warlord roars a battlecry!
The orc knight goes into a battle-frenzy!
The orc knight hits you with a +0 battleaxe of electrocution!
You die...

### ##.## #...## ##...#
##...## ##.....## ######
#.......# ##o#..##
##.......## #@o)[..#
#.........# #####o#[)##
##.......####.#####...##
###.......##...#.##o...####
###......##...#.........#.##
##......##.#...............#
###.....(.................##
##.......#............#.###
....)#..###.......#....#.##


You could see an orc warlord, an orc knight and an orc warrior.

Vanquished Creatures
  Gastronok (Lair:1)
  2 entropy weavers (Lair:5)
  Josephine (Lair:5)
  3 hydras
  A queen ant (Lair:5)
  2 death yaks
  A fire crab (Lair:6)
  2 orc sorcerers (Orc:1)
  6 elephants (Lair:3)
  The ghost of Zlobey the Chopper, a novice TrFi of Okawaru (D:5)
  Maurice (Orc:1)
  A merfolk siren (Lair:2)
  5 black mambas
  Psyche (D:9)
  3 molten gargoyles
  8 spiny frogs
  12 komodo dragons
  A troll (D:9)
  Grinder (D:5)
  A polar bear (Lair:6)
  5 blink frogs (Lair:6)
  7 slime creatures
  11 dream sheep (Lair:5)
  8 hippogriffs
  Sigmund (D:5)
  3 wraiths (Lair:5)
  3 wyverns (Lair:6)
  35 yaks
  5 basilisks
  2 fire bats (Lair:6)
  A hungry ghost (D:7)
  Eustachio (D:5)
  3 steam dragons (Lair:6)
  18 soldier ants
  A warg (Orc:1)
  Edmund (D:5)
  Duvessa (D:5)
  3 nagas (Lair:3)
  5 hell hounds
  4 porcupines
  9 water moccasins
  9 orc warriors
  A phantom (D:8)
  4 sky beasts
  6 wolves (Lair:4)
  A necrophage (D:5)
  6 ogres
  3 centaurs
  12 crocodiles
  Blork the orc (D:5)
  A big kobold (D:8)
  14 bullfrogs
  Dowan (D:5)
  A wyvern skeleton (D:8)
  9 scorpions (D:9)
  A water moccasin skeleton (D:5)
  7 killer bees
  5 wights (D:9)
  4 electric eels
  A howler monkey (D:4)
  2 centaur zombies
  6 crimson imps
  5 lava snakes (Lair:6)
  8 jellies
  A quasit (D:7)
  9 hounds
  A centaur skeleton (D:6)
  5 orc priests
  A bullfrog skeleton (D:7)
  12 orc wizards
  Ijyb (D:5)
  An iguana (D:7)
  36 worker ants
  2 hell rats (D:8)
  A hound skeleton (D:9)
  A worker ant zombie (D:6)
  7 gnolls (D:8)
  21 adders
  A howler monkey skeleton (D:7)
  A river rat (D:8)
  A shadow imp (D:7)
  18 oozes
  2 adder skeletons
  An adder zombie (D:8)
  4 worms
  2 dart slugs (D:3)
  16 leopard geckos
  39 orcs
  10 ball pythons
  17 giant cockroaches
  4 goblins
  6 hobgoblins
  15 jackals
  4 quokkas
  10 bats
  12 frilled lizards
  14 kobolds
  A leopard gecko skeleton (D:7)
  A quokka zombie (D:9)
  9 rats
  A fungus (D:9)
577 creatures vanquished.

Vanquished Creatures (others)
  An orc wizard (Orc:1)
  11 fungi
  3 plants
  8 toadstools (D:8)
23 creatures vanquished.

Grand Total: 600 creatures vanquished

Notes
Turn   | Place    | Note
-------+----------+-------------------------------------------
     0 | D:1      | HuneSparrow the Minotaur Fighter began the quest for the
                  | Orb.
     0 | D:1      | Reached XP level 1. HP: 19/19 MP: 0/0
   361 | D:1      | Reached XP level 2. HP: 25/27 MP: 1/1
  1131 | D:2      | Reached XP level 3. HP: 32/33 MP: 2/2
  1439 | D:3      | Reached XP level 4. HP: 40/40 MP: 3/3
  2106 | D:4      | Reached XP level 5. HP: 29/46 MP: 4/4
  2175 | D:4      | Reached skill level 1 in Dodging
  2529 | D:4      | Reached skill level 5 in Armour
  2529 | D:4      | Reached skill level 5 in Shields
  2572 | D:4      | Reached XP level 6. HP: 38/53 MP: 5/5
  2594 | D:4      | Found a glowing drain.
  2602 | Sewer    | Entered a sewer
  2821 | Sewer    | Reached skill level 5 in Long Blades
  3471 | D:5      | Entered Level 5 of the Dungeon
  3478 | D:5      | Reached XP level 7. HP: 60/60 MP: 6/6
  3559 | D:5      | Noticed Eustachio
  3577 | D:5      | Killed Eustachio
  3585 | D:5      | Found a runed translucent door.
  3585 | D:5      | Noticed Zlobey's ghost (novice TrFi)
  3605 | D:5      | Killed Zlobey's ghost
  3605 | D:5      | Reached skill level 5 in Fighting
  3605 | D:5      | Reached XP level 8. HP: 54/68 MP: 7/7
  3688 | D:5      | Noticed Dowan
  3740 | D:5      | Noticed Sigmund
  3751 | D:5      | Killed Sigmund
  3848 | D:5      | Found Weahup's Armour Shop.
  3858 | D:5      | Noticed Duvessa
  3877 | D:5      | Killed Duvessa
  3881 | D:5      | Killed Dowan
  3942 | D:5      | Noticed Blork the orc
  3959 | D:5      | Killed Blork the orc
  4062 | D:5      | Noticed Grinder
  4062 | D:5      | Noticed Ijyb
  4067 | D:5      | Paralysed by Grinder for 6 turns
  4073 | D:5      | Killed Grinder
  4093 | D:5      | Killed Ijyb
  4113 | D:5      | Reached XP level 9. HP: 34/74 MP: 8/8
  4433 | D:5      | Noticed Edmund
  4444 | D:5      | Killed Edmund
  4653 | D:6      | Found a blossoming altar of Fedhas.
  4792 | D:6      | Found a staircase to the Ecumenical Temple.
  4801 | Temple   | Entered the Ecumenical Temple
  4850 | Temple   | Became a worshipper of Makhleb the Destroyer
  6174 | D:7      | Reached skill level 10 in Long Blades
  6286 | D:7      | Reached * piety under Makhleb
  6725 | D:8      | Noticed a death yak
  6727 | D:8      | Found a staircase to the Lair.
  6727 | D:8      | Noticed a death yak
  6728 | D:8      | Noticed a death yak
  8032 | D:8      | Reached XP level 10. HP: 82/85 MP: 9/9
  8321 | D:9      | Reached ** piety under Makhleb
  8347 | D:9      | Reached skill level 10 in Shields
  8495 | D:9      | Noticed Psyche
  8509 | D:9      | Killed Psyche
  9509 | D:9      | Reached *** piety under Makhleb
  9810 | D:8      | Reached XP level 11. HP: 93/93 MP: 10/10
 10049 | D:8      | Killed a death yak
 10263 | D:9      | Found a staircase to the Orcish Mines.
 10438 | D:9      | Reached **** piety under Makhleb
 10470 | D:10     | Entered Level 10 of the Dungeon
 10777 | D:10     | Got an iridescent long sword
 10778 | D:10     | Identified the cursed +2 long sword of Integrity {flame,
                  | +Inv rElec MR+} (You found it on level 10 of the Dungeon)
 10889 | D:7      | Killed a death yak
 11939 | Lair:1   | Entered Level 1 of the Lair of Beasts
 12455 | Lair:1   | Reached skill level 10 in Armour
 12511 | Lair:1   | Noticed Gastronok
 12530 | Lair:1   | Killed Gastronok
 12897 | Lair:2   | Reached XP level 12. HP: 93/103 MP: 11/11
 13239 | Lair:2   | Found a staircase to the Shoals.
 13303 | Lair:2   | You fall through a shaft for 2 floors!
 13837 | Lair:3   | Found a staircase to the Snake Pit.
 13935 | Lair:3   | Reached skill level 10 in Fighting
 13951 | Lair:3   | Reached ***** piety under Makhleb
 14160 | Lair:3   | Noticed a four-headed hydra
 14169 | Lair:3   | Killed a one-headed hydra
 14788 | Lair:4   | Noticed brittlin's ghost (journeyman TrWr)
 14897 | Lair:4   | Found a transporter.
 14899 | Lair:4   | Found a transporter.
 14938 | Lair:4   | Got a translucent iron ring
 14940 | Lair:4   | Identified the ring "Qochem" {+Fly rElec rC++ MR+ Int+2}
                  | (You found it on level 4 of the Lair of Beasts)
 15408 | Lair:5   | Noticed Josephine
 15511 | Lair:5   | Killed Josephine
 15614 | Lair:5   | Noticed an entropy weaver
 15625 | Lair:5   | Killed an entropy weaver
 15647 | Lair:5   | Reached skill level 15 in Long Blades
 15647 | Lair:5   | Reached XP level 13. HP: 113/115 MP: 12/12
 15662 | Lair:5   | Noticed an entropy weaver
 15986 | Lair:5   | Killed an entropy weaver
 16505 | Lair:5   | Found a runed translucent door.
 16554 | Lair:5   | Found a viscous altar of Jiyva.
 16557 | Lair:5   | Noticed an acid blob
 16558 | Lair:5   | Found a staircase to the Slime Pits.
 16559 | Lair:5   | Noticed an acid blob
 16881 | Lair:6   | Entered Level 6 of the Lair of Beasts
 16980 | Lair:6   | Reached ****** piety under Makhleb
 17506 | Lair:6   | Reached skill level 5 in Dodging
 17681 | Lair:6   | Noticed a fire dragon
 18671 | Lair:6   | Found a large runed translucent door.
 18727 | Lair:6   | Reached skill level 15 in Shields
 18813 | Lair:5   | Reached XP level 14. HP: 101/126 MP: 13/13
 18907 | Lair:6   | Found a large runed translucent door.
 19277 | Orc:1    | Entered Level 1 of the Orcish Mines
 19431 | Orc:1    | Found a runed translucent door.
 19441 | Orc:1    | Found the +10 large shield of Ignorance {rN+ Int-4}
 19446 | Orc:1    | Found a runed translucent door.
 19475 | Orc:1    | Noticed Maurice
 19530 | Orc:1    | Killed Maurice
 19755 | Orc:2    | Entered Level 2 of the Orcish Mines
 19755 | Orc:2    | Found Sianop's General Store.
 19760 | Orc:2    | Noticed an orc warlord
 19896 | Orc:1    | Slain by an orc knight

Skill      XL: |  1  2  3  4  5  6  7  8  9 10 11 12 13 14 |
---------------+-------------------------------------------+-----
Shields        | 4 5 6 8 9 10 12 13 15 | 15.1
Armour         | 4 5 6 7 9 10 12 13 | 13.4
Fighting       | 4 5 6 7 8 9 11 12 13 | 13.0
Long Blades    | 3 4 5 6 8 10 12 14 15 | 15.9
Dodging        | 1 3 4 5 |  5.0
Evocations     | |  0.4

Action                   |  1- 3 |  4- 6 |  7- 9 | 10-12 | 13-15 || total
-------------------------+-------+-------+-------+-------+-------++-------
Melee: Long sword        |    75 |   255 |   357 |   948 |   651 ||  2286
       Headbutt          |    10 |    38 |    89 |   218 |   171 ||   526
Evoke: Wand              |       |       |     9 |       |       ||     9
  Use: Scroll            |       |     4 |     7 |     3 |     1 ||    15
       Potion            |       |       |     1 |     1 |       ||     2
 Stab: Held in net/web   |       |       |       |     1 |       ||     1
  Eat: Chunk             |     2 |     7 |    10 |    25 |    15 ||    59
       Ration            |       |       |     2 |       |       ||     2
Armor: Scale mail        |    45 |    58 |       |       |       ||   103
       Ring mail         |       |    77 |    49 |       |       ||   126
       Plate armour      |       |       |    81 |   278 |   236 ||   595
       Skin              |       |       |       |    14 |       ||    14
Dodge: Dodged            |    23 |    92 |   116 |   192 |   125 ||   548
Block: Shield            |    52 |   171 |   189 |   480 |   379 ||  1271
       Rpst.: Long sword |     5 |    24 |    32 |    42 |    36 ||   139
